 Dungeon Crawl Stone Soup version 0.19.1 (webtiles) character file.

131 JGreham the Slasher (level 5, 0/47 HPs)
             Began as a Hill Orc Berserker on Dec 23, 2016.
             Was a Follower of Trog.
             Succumbed to an orc wizard's poison
             ... on level 8 of the Dungeon.
             The game lasted 00:07:08 (1268 turns).

JGreham the Slasher (Hill Orc Berserker)            Turns: 1268, Time: 00:07:08

Health: 0/47       AC: 10    Str: 24    XL:     5   Next: 14%
Magic:  0/5        EV:  8    Int:  9    God:    Trog [*.....]
Gold:   68         SH:  0    Dex: 10    Spells: 0 memorised, 4 levels left

rFire  . . .     SeeInvis .     a - +0 falchion
rCold  . . .     Gourm    .     f - +0 chain mail
rNeg   . . .     Faith    .     (no shield)
rPois  +         Spirit   +     (no helmet)
rElec  .         Reflect  .     (no cloak)
rCorr  .         Harm     .     (no gloves)
MR     .....                    g - +0 pair of boots
Stlth  ..........               l - amulet of guardian spirit
                                (no ring)
                                c - ring of poison resistance

@: mighty, lethally poisoned (0 -> -3), exhausted, slowed, very slow
A: blurry vision 1, clever 1, weak 1
a: Berserk, Burn Spellbooks, Renounce Religion


You were on level 8 of the Dungeon.
You worshipped Trog.
Trog was aware of your devotion.
You were very full.

You visited 1 branch of the dungeon, and saw 8 of its levels.

You collected 68 gold pieces.

Inventory:

Hand Weapons
 a - a +0 falchion (weapon)
 h - a +4 hunting sling of flaming
Armour
 b - a +0 animal skin
 d - a +0 ring mail
 f - a +0 chain mail (worn)
 g - a +0 pair of boots (worn)
Jewellery
 c - a ring of poison resistance (left hand)
 l - an amulet of guardian spirit (around neck)
Wands
 m - a wand of digging (12/24)
Potions
 j - a potion of beneficial mutation
Comestibles
 k - 2 beef jerkies


   Skills:
 + Level 4.3 Fighting
 + Level 5.0 Long Blades
 + Level 3.2 Armour
 + Level 1.7 Dodging
 + Level 0.1 Stealth


You had 4 spell levels left.
You didn't know any spells.

Dungeon Overview and Level Annotations

Branches:
Dungeon (8/15)
 Temple: D:4-7         Lair: D:8-11

Altars:
Fedhas
Ru


Innate Abilities, Weirdness & Mutations

Scrolls take you a little longer to read.
Your mind is acute. (Int +2)
You are weak. (Str -2)


Message History

* * * LOW HITPOINT WARNING * * *
You hit the orc warrior.
The orc warrior is moderately wounded.
You feel sick. The orc warrior barely misses you.
You slash the orc warrior!
The orc warrior is severely wounded.
The orc warrior closely misses you.
You riposte.
You closely miss the orc warrior.
The orc warrior is severely wounded.
The orc warrior hits you with a battleaxe!
* * * LOW HITPOINT WARNING * * *
You hit the orc warrior.
The orc warrior is severely wounded.
* * * LOW HITPOINT WARNING * * *
You feel sick.
The orc warrior hits you with a battleaxe.
* * * LOW HITPOINT WARNING * * *
Your chain mail prevents you from hitting the orc warrior.
The orc warrior is severely wounded.
You die...

...(.#.#.# .....#.#.#
#..###.#.# ##.#######
........# ##.####.#
......#.#
##.##.#.#############.##
#...#.#.#...)..)@oo.....
.._.......###########.#.
#...#.#.### ##.##.#.#
......#.# ##.####.#
....(...# ##.###### #..


You could see an orc warrior and an orc.

Vanquished Creatures
  A centaur skeleton (D:7)
  2 worker ants (D:7)
  An orc wizard (D:8)
  2 worms
  A dart slug (D:2)
  A leopard gecko (D:5)
  3 orcs
  A ball python (D:2)
  A goblin (D:3)
  A hobgoblin (D:3)
  4 jackals
  2 kobolds
  A quokka (D:4)
21 creatures vanquished.

Notes
Turn   | Place    | Note
-------+----------+-------------------------------------------
     0 | D:1      | JGreham the Hill Orc Berserker began the quest for the Orb.
     0 | D:1      | Reached XP level 1. HP: 19/19 MP: 1/1
   303 | D:2      | Reached XP level 2. HP: 24/27 MP: 2/2
   661 | D:4      | Reached skill level 4 in Long Blades
   784 | D:5      | Entered Level 5 of the Dungeon
   791 | D:5      | Reached XP level 3. HP: 31/33 MP: 3/3
   849 | D:5      | Noticed a phantom
   850 | D:5      | Noticed an ogre
   851 | D:5      | Noticed a centaur
   953 | D:7      | Found a blossoming altar of Fedhas.
   985 | D:7      | Reached XP level 4. HP: 29/40 MP: 1/4
  1178 | D:8      | Found a sacrificial altar of Ru.
  1237 | D:8      | Gained mutation: Your mind is acute. (Int +2) [potion of beneficial mutation]
  1258 | D:8      | Noticed an orc warrior
  1258 | D:8      | Reached skill level 5 in Long Blades
  1258 | D:8      | Reached XP level 5. HP: 14/47 MP: 5/5
  1260 | D:8      | Gained mutation: You are weak. (Str -2) [potion of mutation]
  1260 | D:8      | Gained mutation: Scrolls take you a little longer to read. [potion of mutation]
  1267 | D:8      | HP: 1/47 [orc warrior/battleaxe (3)]
  1268 | D:8      | Succumbed to an orc wizard's poison

Skill      XL: |  1  2  3  4 |
---------------+-------------+-----
Fighting       | 4 |  4.3
Long Blades    | 4 5 |  5.0
Armour         | 3 |  3.2
Dodging        | |  1.7
Stealth        | |  0.1

Action                   |  1- 3 |  4- 6 || total
-------------------------+-------+-------++-------
Melee: Falchion          |    68 |    31 ||    99
Invok: Berserk           |     2 |     1 ||     3
Evoke: Wand              |       |     1 ||     1
  Use: Scroll            |     2 |     1 ||     3
       Potion            |       |     5 ||     5
  Eat: Bread ration      |     1 |       ||     1
       Beef jerky        |       |     1 ||     1
       Meat ration       |       |     1 ||     1
Armor: Chain mail        |    32 |    23 ||    55
Dodge: Dodged            |    25 |     8 ||    33
       Rpst.: Falchion   |    10 |     4 ||    14
